 Dungeon Crawl Stone Soup version 0.27.0-1-g7a089689b8 (webtiles) character file.

Game seed: 5867993752241511415

142 tbh1313 the Cudgeller (level 5, -1/32 HPs)
             Began as a Gargoyle Fighter on Aug 1, 2021.
             Slain by an orc priest (3 damage)
             ... on level 3 of the Dungeon.
             The game lasted 00:03:07 (2158 turns).

tbh1313 the Cudgeller (Gargoyle Fighter)            Turns: 2158, Time: 00:03:08

Health: -1/32      AC: 13    Str: 20    XL:     5   Next: 25%
Magic:  5/5        EV:  7    Int:  9    God:
Gold:   87         SH:  4    Dex:  9    Spells: 4/4 levels left

rFire    . . .     SeeInvis .   a - +0 flail
rCold    . . .     Faith    .   f - +0 buckler
rNeg     + . .     Spirit   .   g - +0 chain mail
rPois    ∞         Reflect  .   (no helmet)
rElec    +         Harm     .   (no cloak)
rCorr    .         Rampage  .   (no gloves)
Will     .....                  (no boots)
Stlth    ..........             (no amulet)
HPRegen  0.10/turn              h - ring of flight
MPRegen  0.09/turn              (no ring)

@: mighty, flying
A: sickness immunity, AC +4, negative energy resistance 1, electricity
resistance, torment resistance 1, petrification resistance
a: no special abilities


You were on level 3 of the Dungeon.
You visited 1 branch of the dungeon, and saw 3 of its levels.

You collected 87 gold pieces.

Inventory:

Hand Weapons
 a - a +0 flail (weapon)
Missiles
 i - 6 javelins (quivered)
Armour
 c - a +0 kite shield
 f - a +0 buckler (worn)
 g - a +0 chain mail (worn)
Jewellery
 h - a ring of flight (left hand)
Scrolls
 k - a scroll of teleportation {unknown}
Potions
 b - a potion of degeneration {unknown}
 e - a potion of berserk rage
 j - a potion of attraction


   Skills:
 - Level 3.2 Fighting
 + Level 4.9 Maces & Flails
 - Level 3.2 Armour
 - Level 4.0 Shields


You had 4 spell levels left.
You didn't know any spells.
Your spell library was empty.

Dungeon Overview and Level Annotations

Branches:
Dungeon (3/15)

Altars:
Cheibriados


Innate Abilities, Weirdness & Mutations

You are immune to sickness and miasma.
Your stone body is resilient. (AC +4)
You are immune to poison.
You resist negative energy. (rN+)
You are resistant to electric shocks. (rElec)
You are resistant to unholy torment.
You are immune to petrification.


Message History

The bat hits you.
The orc wizard gestures wildly while chanting.
The orc wizard flickers and vanishes!
Deactivating autopickup; reactivate with Ctrl-A.
You block the bat's attack. The bat hits you but does no damage.
The bat completely misses you. The bat hits you but does no damage.
You block the bat's attack.
The orc priest invokes the aid of Beogh against you.
Beogh smites you! The bat completely misses you.
The orc priest invokes the aid of Beogh against you.
Beogh smites you!
* * * LOW HITPOINT WARNING * * *
You hit the orc priest.
The orc priest is lightly wounded.
You block the bat's attack. The bat barely misses you.
You feel very mighty all of a sudden. You block the bat's attack.
The orc closely misses you.
You bludgeon the orc!!
You kill the orc!
The bat hits you but does no damage. The bat closely misses you. x2
You thump the orc!
You kill the orc!
The bat hits you but does no damage.
You closely miss the orc priest.
The orc priest is lightly wounded.
The bat closely misses you.
The orc priest hits you but does no damage.
You barely miss the orc priest.
The orc priest is lightly wounded.
The bat completely misses you. The bat hits you but does no damage.
The orc priest hits you with a +0 dagger.
* * * LOW HITPOINT WARNING * * *
You closely miss the orc priest.
The orc priest is lightly wounded.
The bat hits you but does no damage. The bat barely misses you.
The orc priest hits you but does no damage.
The orc priest hits you with a +0 dagger.
You die...

..........### ### ...#
............ ..#+###...#
.######....# #.....(....
.# #....## #.......... .#
#.....####.......... .#
#..)#....#.......... .#
#...#....##K........
.######...##...##oo.......
.+....'...+.....@#+#####..
.#.####...###.##b# .#.#
#...# #.##.# ...# #...#
#..#.# .### #...# ##.#.#
.# ##### .#.# .# .#.# ..
#.# ..


You could see an orc priest, an orc, a bat and a kobold.

Levels and vault maps discovered:
D:1:      minmay_arrival_three_doors, layout_basic
D:2:      layout_basic, basic_altar
D:3:      layout_basic

Notes
Turn   | Place    | Note
-------+----------+-------------------------------------------
     0 | D:1      | tbh1313 the Gargoyle Fighter began the quest for the Orb.
     0 | D:1      | Reached XP level 1. HP: 14/14 MP: 1/1
   680 | D:1      | Reached XP level 2. HP: 15/19 MP: 2/2
  1143 | D:2      | Reached XP level 3. HP: 21/23 MP: 3/3
  1278 | D:2      | Found a snail-covered altar of Cheibriados.
  1541 | D:2      | Noticed a scorpion
  1553 | D:2      | Killed a scorpion
  1554 | D:2      | Reached XP level 4. HP: 18/28 MP: 4/4
  1717 | D:2      | Reached XP level 5. HP: 32/32 MP: 5/5
  2157 | D:3      | HP: 2/32 [orc priest (4)]
  2158 | D:3      | Slain by an orc priest

Table legend: (Time is in decaauts)
 A = Elapsed time spent in this place.
 B = Non-inter-level travel time spent in this place.
 C = Inter-level travel time spent in this place.
 D = Time resting spent in this place.
 E = Time spent auto-exploring this place.
 F = Levels seen in this place.
 G = Mean time per level.
                   A        B        C        D        E       F      G
               +--------+--------+--------+--------+--------+-----+--------+
         Total |   2189 |   2136 |     53 |    534 |   1272 |   3 |  729.7 |
       Dungeon |   2189 |   2136 |     53 |    534 |   1272 |   3 |  729.7 |
               +--------+--------+--------+--------+--------+-----+--------+

Top non-repeatable levels by time:
     D:1: 1085 daAuts
     D:2: 977 daAuts
     D:3: 126 daAuts

Table legend:
 A = Kills in this place as a percentage of kills in entire the game.
 B = Kills by you in this place as a percentage of kills by you in the entire game.
 C = Kills by friends in this place as a percentage of kills by friends in the entire game.
 D = Other kills in this place as a percentage of other kills in the entire game.
 E = Experience gained in this place as a percentage of experience gained in the entire game.
 F = Experience gained in this place divided by the number of levels of this place that you have seen.
                   A       B       C       D       E      F
               +-------+-------+-------+-------+-------+----------------------
         Total | 100.0 | 100.0 |   N/A |   N/A | 100.0 |  68.0
       Dungeon | 100.0 | 100.0 |   N/A |   N/A | 100.0 |  68.0
               +-------+-------+-------+-------+-------+----------------------

Action                   |  1- 3 |  4- 6 || total
-------------------------+-------+-------++-------
Melee: Flail             |    98 |    43 ||   141
Throw: Javelin           |     1 |       ||     1
  Use: Scroll            |     2 |       ||     2
       Potion            |       |     1 ||     1
Armor: Scale mail        |    17 |       ||    17
       Chain mail        |    44 |    34 ||    78
Dodge: Dodged            |    48 |    25 ||    73
Block: Buckler           |    10 |    17 ||    27

Vanquished Creatures
  A scorpion (D:2)
  A hound skeleton (D:2)
  2 adders (D:2)
  A worm (D:3)
  4 dart slugs
  3 orcs (D:3)
  2 bats
  5 endoplasms
  4 goblins
  2 hobgoblins
  2 jackals (D:2)
  2 kobolds
  5 quokkas
  2 ball pythons
  A frilled lizard (D:2)
  A rat (D:2)
38 creatures vanquished.
